 Dungeon Crawl Stone Soup version 0.26-b1-32-g5d43845318 (webtiles) character file.

Game seed: 16250644045764476160

2037 HoaS the Grappler (level 9, 0/70 HPs)
             Began as a Ghoul Gladiator on Jan 8, 2021.
             Slain by a howler monkey zombie (3 damage)
             ... on level 6 of the Dungeon.
             The game lasted 00:09:12 (4444 turns).

HoaS the Grappler (Ghoul Gladiator)                 Turns: 4444, Time: 00:09:13

Health: 0/70       AC: 11    Str: 25    XL:     9   Next: 24%
Magic:  8/8        EV:  9    Int:  3    God:
Gold:   276        SH:  0    Dex: 12    Spells: 8/8 levels left

rFire    . . .     SeeInvis .     - Unarmed
rCold    + . .     Faith    .   (no shield)
rNeg     + + +     Spirit   .   d - +1 chain mail {rPois}
rPois    ∞         Reflect  .   b - +0 helmet
rElec    .         Harm     .   f - +0 cloak
rCorr    .         Rampage  .   (no gloves)
Will     .....                  (no boots)
Stlth    ..........             k - amulet of regeneration
HPRegen  0.00/turn              r - +6 ring of strength
MPRegen  0.11/turn              (no ring)

@: no status effects
A: claws 1, cold resistance 1, negative energy resistance 3, inhibited
regeneration, torment resistance, unbreathing
a: no special abilities


You were on level 6 of the Dungeon.
You visited 1 branch of the dungeon, and saw 6 of its levels.

You collected 276 gold pieces.

Inventory:

Missiles
 c - 3 throwing nets (quivered)
 j - 36 poisoned darts
Armour
 b - a +0 helmet (worn)
 d - a +1 chain mail of poison resistance (worn)
 f - a +0 cloak (worn)
Jewellery
 k - an amulet of regeneration (around neck)
 r - a +6 ring of strength (left claw)
Wands
 a - a wand of digging (8)
 l - a wand of iceblast (9)
 o - a wand of flame (19)
 p - a wand of random effects (7)
 q - a wand of enslavement (7)
Scrolls
 e - 2 scrolls of magic mapping
Potions
 g - a potion of heal wounds
 h - a potion of mutation {unknown}
 i - a potion of cancellation {unknown}
 m - 3 potions of haste
 n - a potion of brilliance {unknown}
 s - 2 potions of might {unknown}
 t - a potion of ambrosia {unknown}
 u - 2 potions of curing {unknown}
 v - a potion of attraction {unknown}
 w - a potion of flight {unknown}


   Skills:
 + Level 3.2 Fighting
 - Level 1.7 Throwing
 + Level 1.4 Armour
 + Level 3.3 Dodging
 * Level 12.3 Unarmed Combat


You had 8 spell levels left.
You didn't know any spells.
Your spell library contained the following spells:

 Spells                   Type           Power        Failure   Level
 Passwall                 Tmut/Erth      0%           100%        2
 Swiftness                Air            0%           100%        2
 Passage of Golubria      Tloc           N/A          100%        4
 Lee's Rapid Deconstruct  Erth           0%           100%        5
 Invisibility             Hex            0%           100%        6


Dungeon Overview and Level Annotations

Branches:
Dungeon (6/15)
 Temple: D:4-7

Altars:
Ashenzari
Elyvilon
Kikubaaqudgha

Annotations:
D:5 2 runed translucent doors, dracos369's ghost, novice DsAr
D:6 1 runed translucent door, Crazy Yiuf


Innate Abilities, Weirdness & Mutations

You thrive by killing the living.
You are immune to poison.
You have sharp fingernails.
Your flesh is cold resistant. (rC+)
You are immune to negative energy. (rN+++)
You do not regenerate when monsters are visible.
You are immune to unholy pain and torment.
You can survive without breathing.


Message History

Retreat in which direction?
Press: ? - help, Dir - move target, f - you
Okay, then.
The worker ant bites you.
* * * LOW HITPOINT WARNING * * *
The howler monkey zombie barely misses you.
You closely miss the worker ant. The worker ant bites you.
* * * LOW HITPOINT WARNING * * *
You claw the worker ant!
You kill the worker ant!
You barely miss the howler monkey zombie.
The howler monkey zombie hits you.
* * * LOW HITPOINT WARNING * * *
You scratch the howler monkey zombie.
The howler monkey zombie is lightly damaged.
The howler monkey zombie barely misses you.
You claw the howler monkey zombie!
The howler monkey zombie is severely damaged.
The howler monkey zombie hits you.
You die...

..≈≈≈≈≈.≈≈≈≈..########..+#
..≈≈≈≈;.≈≈≈≈............#≈
.......................##≈
#########....############≈
#....# #........#≈ #....#
#.########≈ #....#
#.#......## #†Z..#
#.#.####### #@...#
#.#'##....< ######
#...^#..... ###########
#....##.... #.........#
#.......... #.#######.#
#.....#.... #.#
#.#######.....##### #.#
####..................
##.####........####...######
#..............+......######


You could see a howler monkey zombie.

Vanquished Creatures
  Pikel (D:4)
  An ice beast (D:4)
  2 sky beasts
  2 phantoms (D:5)
  2 ogres (D:5)
  A centaur (D:4)
  3 lemures (D:3)
  2 bullfrogs
  2 scorpions (D:4)
  2 howler monkeys
  A quasit (D:4)
  2 centaur skeletons
  An orc priest (D:2)
  Ijyb (D:3)
  A bullfrog skeleton (D:5)
  A hound (D:6)
  2 orc wizards (D:5)
  2 iguanas
  Terence (D:3)
  3 worker ants
  A gnoll (D:5)
  10 adders
  A white imp (D:5)
  4 worms
  4 leopard geckos
  14 orcs
  A ball python (D:2)
  6 bats
  4 giant cockroaches
  8 goblins
  6 hobgoblins
  5 jackals
  3 quokkas
  A ball python zombie (D:5)
  7 frilled lizards
  2 jackal zombies
  11 kobolds
  A leopard gecko skeleton (D:4)
  10 rats
132 creatures vanquished.

Vanquished Creatures (others)
  3 withered plants (D:3)
3 creatures vanquished.

Grand Total: 135 creatures vanquished

Notes
Turn   | Place    | Note
-------+----------+-------------------------------------------
     0 | D:1      | HoaS the Ghoul Gladiator began the quest for the Orb.
     0 | D:1      | Reached XP level 1. HP: 17/17 MP: 0/0
   159 | D:1      | You fall into a shaft and drop 1 floor!
   166 | D:1      | Reached XP level 2. HP: 21/24 MP: 1/1
   171 | D:1      | Reached skill level 4 in Unarmed Combat
   757 | D:2      | Reached XP level 3. HP: 29/29 MP: 2/2
   879 | D:2      | Reached skill level 5 in Unarmed Combat
  1009 | D:2      | Reached XP level 4. HP: 24/36 MP: 3/3
  1645 | D:2      | Reached skill level 6 in Unarmed Combat
  1645 | D:2      | Reached XP level 5. HP: 41/41 MP: 4/4
  1690 | D:3      | Noticed Ijyb
  1723 | D:3      | Killed Ijyb
  1773 | D:3      | Noticed Terence
  1787 | D:3      | Killed Terence
  1834 | D:3      | Found an ancient bone altar of Kikubaaqudgha.
  2417 | D:4      | Reached skill level 7 in Unarmed Combat
  2417 | D:4      | Reached XP level 6. HP: 46/48 MP: 5/5
  2731 | D:4      | Noticed Pikel
  2745 | D:4      | Killed Pikel
  2746 | D:4      | Reached skill level 9 in Unarmed Combat
  2746 | D:4      | Reached XP level 7. HP: 44/55 MP: 6/6
  2817 | D:4      | Reached skill level 10 in Unarmed Combat
  2938 | D:5      | Entered Level 5 of the Dungeon
  2938 | D:5      | Found a runed translucent door.
  2940 | D:5      | Noticed dracos369's ghost (novice DsAr)
  2947 | D:4      | Reached XP level 8. HP: 61/61 MP: 7/7
  3058 | D:5      | Found a white marble altar of Elyvilon.
  3136 | D:5      | Reached skill level 11 in Unarmed Combat
  3297 | D:5      | Reached skill level 12 in Unarmed Combat
  3367 | D:5      | Reached XP level 9. HP: 68/68 MP: 8/8
  3430 | D:5      | Found a runed translucent door.
  3877 | D:6      | Found a runed translucent door.
  3878 | D:6      | Noticed Crazy Yiuf
  3955 | D:6      | Reached skill level 1 in Armour
  4382 | D:6      | Found a broken altar of Ashenzari.
  4442 | D:6      | HP: 3/70 [howler monkey zombie (3)]
  4444 | D:6      | Slain by a howler monkey zombie

Illustrated notes

Levels and vault maps discovered:
D:1:      dpeg_arrival_erosion, layout_rooms
D:2:      layout_loops_ring
D:3:      layout_basic, kiku_gazebo_garden_becter, uniq_ijyb, uniq_terence
D:4:      layout_cave_pools, uniq_pikel
D:5:      cheibrodos_fzero, layout_basic, elyvilon_altar_3,
          ebering_ghost_sewer_f, nicolae_underground_beach
D:6:      layout_basic, nicolae_ashenzari_panopticon,
          chequers_serial_rivers_room_a, minivault_14, uniq_prince_ribbit1,
          uniq_crazy_yiuf_cottage

Skill      XL: |  1  2  3  4  5  6  7  8  9 |
---------------+----------------------------+-----
Unarmed Combat | 4 5 6 7 9 10 12 | 12.3
Dodging        | 3 |  3.3
Armour         | 1 |  1.4
Fighting       | 3 |  3.2
Throwing       | |  1.7

Action                   |  1- 3 |  4- 6 |  7- 9 || total
-------------------------+-------+-------+-------++-------
Melee: Unarmed           |   106 |   198 |   193 ||   497
       Punch             |       |     4 |     4 ||     8
  Use: Scroll            |       |    11 |     2 ||    13
Armor: Leather armour    |    10 |       |       ||    10
       Scale mail        |    14 |    27 |       ||    41
       Chain mail        |       |    58 |   102 ||   160
Dodge: Dodged            |    49 |    77 |    80 ||   206
